 Dungeon Crawl Stone Soup version 0.26-a0-707-g31817bcca1 (webtiles) character file.

Game seed: 10270143835811884792

260 Descartes the Chiller (level 6, -3/41 HPs)
             Began as a Barachi Ice Elementalist on Oct 27, 2020.
             Slain by an orc
             ... wielding a +0 whip
              (5 damage)
             ... on level 3 of the Dungeon.
             The game lasted 00:08:27 (3004 turns).

Descartes the Chiller (Barachi Ice Elementalist)    Turns: 3004, Time: 00:08:28

Health: -3/41      AC:  3    Str: 10    XL:     6   Next: 17%
Magic:  8/11       EV: 13    Int: 15    God:
Gold:   108        SH:  0    Dex: 14    Spells: 11/12 levels left

rFire    . . .     SeeInvis .   t - +1 dagger (drain)
rCold    . . .     Faith    .   (no shield)
rNeg     . . .     Spirit   .   a - +0 robe
rPois    .         Reflect  .   d - +0 helmet (curse)
rElec    .         Harm     .   (no cloak)
rCorr    +         Rampage  .   (no gloves)
MR       .....     Rnd*Tele +   (no boots)
Stlth    ++........             l - amulet of magic regeneration
HPRegen  0.13/turn              j - ring of resist corrosion
MPRegen  0.37/turn              k - ring of teleportation (curse)

@: lethally poisoned (-3 -> -25), slow
A: +LOS, swims, blink, sense surroundings 1, slowness 1, strong legs 1
a: Hop, Blink


You were on level 3 of the Dungeon.
You visited 1 branch of the dungeon, and saw 4 of its levels.

You collected 108 gold pieces.

Inventory:

Hand Weapons
 t - a +1 dagger of draining (weapon)
 u - a +2 dagger of protection
Missiles
 c - 9 poisoned darts
 i - 162 stones (quivered)
 n - 27 arrows
 q - 20 sling bullets
 w - 2 boomerangs
Armour
 a - a +0 robe (worn)
 d - a cursed +0 helmet (worn)
 o - a +0 buckler
Jewellery
 j - a ring of resist corrosion (left hand)
 k - a cursed ring of teleportation (right hand)
 l - an amulet of magic regeneration (around neck)
Wands
 r - a wand of polymorph (6)
Scrolls
 b - 2 scrolls of identify {unknown}
 e - a scroll of magic mapping {unknown}
 f - a scroll of enchant armour {unknown}
 h - 3 scrolls of remove curse {unknown}
 p - a scroll of immolation {unknown}
 v - 3 scrolls of enchant weapon {unknown}
Potions
 g - a potion of cancellation {unknown}
 m - a potion of curing {unknown}


   Skills:
 - Level 3.0 Dodging
 - Level 2.0 Stealth
 + Level 3.0 Shields
 + Level 3.9 Spellcasting
 + Level 6.3 Ice Magic


You had 11 spell levels left.
You knew the following spells:

 Your Spells              Type           Power        Failure   Level
a - Freeze                Ice            ###.         1%          1

Your spell library contained the following spells:

 Spells                   Type           Power        Failure   Level
 Frozen Ramparts          Ice            ###...       4%          3
 Ozocubu's Armour         Ice            ###.....     4%          3
 Hailstorm                Conj/Ice       ##......     45%         4
 Summon Ice Beast         Ice/Summ       ##......     45%         4


Dungeon Overview and Level Annotations

Branches:
Dungeon (4/15)
 Temple: D:4-7

Altars:
Makhleb
Okawaru
Vehumet
Wu Jian
Xom


Innate Abilities, Weirdness & Mutations

You can be seen from farther away. (+LOS)
You can swim through water.
You cover ground slowly.
You can hop short distances.
You can translocate small distances at will.
You passively map a small area around you.


Message History

Casting: Freeze (safe; 1% risk of failure)
Confirm with . or Enter, or press ? or * to list all spells.
Aiming: Freeze (safe; 1% risk of failure)
Press: ? - help, Shift-Dir - straight line, f/p - worker ant
Aim: a worker ant (heavily wounded)
You freeze the worker ant.
The worker ant is severely wounded.
* * * LOW HITPOINT WARNING * * *
You feel sick. The worker ant bites you.
* * * LOW HITPOINT WARNING * * *
You are more poisoned.
The worker ant poisons you! The orc hits you with a +0 whip.
* * * LOW HITPOINT WARNING * * *
The worker ant barely misses you.
It was a potion of mutation.
You feel extremely strange.
You feel jittery.
You feel a strange attunement to the structure of the dungeons.
* * * LOW HITPOINT WARNING * * *
You feel sick. The orc hits you with a +0 whip.
You die...

#.# ###..# #####..
#.#####...##
###.....# #.##....###
#...##### #.##...##
#.### #.##...# #.#
#.##...#######.#
##.##.....#.....#
#..##).B#...#####
#.###.@o........#####
#.#
####.######.....###
#.# ###.# #####...#
#.####...# ###..
######.#..†.###
#######
##...#....####
##.#.#.#
##....<.....##
###≈≈≈≈≈≈#
#.......[....#
#.).†...._
#............#
#.#≈≈≈≈≈≈#


You could see a worker ant and an orc.

Vanquished Creatures
  A crimson imp (D:3)
  An orc priest (D:3)
  Ijyb (D:3)
  Terence (D:3)
  Natasha (thrice) (D:3)
  A gnoll (D:3)
  10 orcs (D:3)
  A ball python (D:2)
  7 bats
  A giant cockroach (D:1)
  5 goblins
  8 hobgoblins
  7 kobolds
  2 quokkas
  4 frilled lizards
  2 rats
55 creatures vanquished.

Notes
Turn   | Place    | Note
-------+----------+-------------------------------------------
     0 | D:1      | Descartes the Barachi Ice Elementalist began the quest for
                  | the Orb.
     0 | D:1      | Reached XP level 1. HP: 13/13 MP: 3/3
   473 | D:1      | Reached skill level 5 in Ice Magic
   473 | D:1      | Reached XP level 2. HP: 10/19 MP: 1/5
   967 | D:2      | Found an ornate altar of the Wu Jian Council.
  1252 | D:2      | Reached XP level 3. HP: 24/24 MP: 4/6
  1318 | D:2      | Found a shimmering altar of Xom.
  1472 | D:3      | Noticed Ijyb
  1592 | D:3      | Noticed Natasha
  1599 | D:3      | Killed Natasha
  1599 | D:3      | Reached skill level 1 in Shields
  1603 | D:3      | Reached XP level 4. HP: 25/30 MP: 3/8
  1785 | D:3      | Killed Ijyb
  1827 | D:3      | Noticed Terence
  1833 | D:3      | Killed Terence
  1878 | D:3      | Noticed Natasha
  1885 | D:3      | Killed Natasha
  1885 | D:3      | Reached XP level 5. HP: 25/35 MP: 5/10
  1890 | D:3      | Noticed Natasha
  1897 | D:3      | Killed Natasha
  2389 | D:3      | Reached skill level 6 in Ice Magic
  2428 | D:3      | Found a radiant altar of Vehumet.
  2428 | D:3      | Found a burning altar of Makhleb.
  2583 | D:3      | Found an iron altar of Okawaru.
  2616 | D:3      | Reached XP level 6. HP: 17/41 MP: 4/11
  2996 | D:4      | Noticed an orc warrior
  3004 | D:3      | Gained mutation: You can translocate small distances at
                  | will. [potion of mutation]
  3004 | D:3      | Gained mutation: You passively map a small area around you.
                  | [potion of mutation]
  3004 | D:3      | HP: 2/41 [poisoned by a worker ant]
  3004 | D:3      | Slain by an orc

Illustrated notes

Levels and vault maps discovered:
D:1:      nicolae_arrival_washed_ashore, layout_loops_cross
D:2:      layout_rooms, lemuel_crystal_altar, xom_teletrap_fun
D:3:      layout_rooms, grunt_temple_overflow_lords_of_destruction,
          okawaru_altar_gauntlet_db, uniq_ijyb, uniq_terence, uniq_natasha
D:4:      layout_layer_cave, st_stairs_13

Skill      XL: |  1  2  3  4  5  6 |
---------------+-------------------+-----
Stealth        | 2 |  2.0
Ice Magic      | 5 6 |  6.3
Dodging        | 3 |  3.0
Shields        | 1 2 3 |  3.0
Spellcasting   | 3 |  3.9

Action                   |  1- 3 |  4- 6 || total
-------------------------+-------+-------++-------
Melee: Unarmed           |     7 |       ||     7
       Dagger            |       |     3 ||     3
 Cast: Freeze            |    40 |    72 ||   112
  Use: Potion            |     2 |     1 ||     3
Armor: Robe              |    21 |    12 ||    33
       Skin              |       |     4 ||     4
Dodge: Dodged            |    51 |    49 ||   100

Table legend: (Time is in decaauts)
 A = Elapsed time spent in this place.
 B = Non-inter-level travel time spent in this place.
 C = Inter-level travel time spent in this place.
 D = Time resting spent in this place.
 E = Time spent auto-exploring this place.
 F = Levels seen in this place.
 G = Mean time per level.
                   A        B        C        D        E       F      G
               +--------+--------+--------+--------+--------+-----+--------+
         Total |   3317 |   3194 |    123 |      6 |   2713 |   4 |  829.2 |
       Dungeon |   3317 |   3194 |    123 |      6 |   2713 |   4 |  829.2 |
               +--------+--------+--------+--------+--------+-----+--------+

Top non-repeatable levels by time:
     D:3: 1518 daAuts
     D:1: 1046 daAuts
     D:2: 745 daAuts
     D:4: 7 daAuts
